 Dungeon Crawl Stone Soup version 0.31-a0-1071-gaead2f62b1 (webtiles) character file.

Game seed: 8347190449725980868

7 porpoise the Vexing (level 1, -1/13 HPs)
             Began as a Demonspawn Enchanter on Nov 25, 2023.
             Slain by a jackal (3 damage)
             ... on level 1 of the Dungeon.
             The game lasted 00:00:42 (276 turns).

porpoise the Vexing (Demonspawn Enchanter)           Turns: 276, Time: 00:00:42

Health: -1/13      AC:  2    Str:  8    XL:     1   Next: 91%
Magic:  3/3        EV: 12    Int: 16    God:
Gold:   0          SH:  0    Dex: 13    Spells: 4/4 levels left

rFire   . . .        a - +1 dagger
rCold   . . .        (no shield)
rNeg    . . .        b - +0 robe
rPois   .            (no helmet)
rElec   .            (no cloak)
rCorr   .            (no gloves)
SInv    .            (no boots)
Will    .....        (no amulet)
Stlth   ++           (no ring)
HPRegen 0.22/turn    (no ring)
MPRegen 0.08/turn

%: no passive effects
@: no status effects
A: no striking features
a: no special abilities


You were on level 1 of the Dungeon.
You visited 1 branch of the dungeon, and saw 1 of its levels.

Inventory:

Hand Weapons
 a - a +1 dagger (weapon)
Armour
 b - a +0 robe (worn)
Potions
 c - 2 potions of invisibility


   Skills:
 + Level 1.2 Short Blades
 - Level 1.7 Dodging
 - Level 2.6 Stealth
 + Level 2.2 Spellcasting
 + Level 3.1 Hexes


You had 4 spell levels left.
You didn't know any spells.
Your spell library contained the following spells:

 Spells                   Type           Power      Damage    Failure   Level
 Ensorcelled Hibernation  Hex/Ice        12%        N/A       16%         2
 Confusing Touch          Hex            11%        N/A       17%         3
 Tukima's Dance           Hex            11%        N/A       17%         3
 Dazzling Flash           Conj/Hex       12%        N/A       32%         3


Dungeon Overview and Level Annotations

Branches:
Dungeon (1/15)

Altars:


Message History

You kill the jackal!
The jackal misses you.
You hit the jackal.
The jackal is almost dead.
The jackal completely misses you.
You hit the jackal.
You kill the jackal!
You miss the jackal. The jackal barely misses you. The jackal bites you.
You closely miss the jackal. The jackal closely misses you.
You hit the jackal but do no damage. The jackal barely misses you.
You barely miss the jackal.
The jackal bites you but does no damage.
You closely miss the jackal. The jackal barely misses you.
The jackal bites you.
You barely miss the jackal. The jackal misses you.
You closely miss the jackal. The jackal bites you.
The jackal closely misses you.
You hit the jackal but do no damage.
The jackal bites you but does no damage.
You closely miss the jackal. The jackal bites you.
You hit the jackal but do no damage. The jackal closely misses you.
You hit the jackal but do no damage. The jackal bites you.
The jackal barely misses you.
You miss the jackal. The jackal barely misses you.
You closely miss the jackal. The jackal barely misses you.
You barely miss the jackal. The jackal completely misses you.
The jackal bites you.
You barely miss the jackal. The jackal misses you.
You hit the jackal.
The jackal is lightly wounded.
The jackal closely misses you.
You hit the jackal but do no damage.
The jackal is lightly wounded.
The jackal barely misses you. The jackal misses you.
You hit the jackal but do no damage. The jackal closely misses you.
You barely miss the jackal. The jackal misses you.
You barely miss the jackal. The jackal bites you.
* * * LOW HITPOINT WARNING * * *
The jackal bites you.
You die...

...~≈≈# <.~.≈≈#
#.# ...~~≈# >..
....~≈# #.#
≈≈..~≈#. #.#
≈~~..~#. #.#
≈.~...#. #.#
~≈~..~#.########h#
≈~~~..#........#@#
≈≈≈≈.###.........#
~~≈~..#..#...#.###
~..≈~.#......#.#
~.~~..#..#.###.#
.≈~..)#..#.....#
......†..#######
.........#
...##....#


You could see a jackal.

Vanquished Creatures
  A dart slug (D:1)
  A goblin (D:1)
  2 jackals (D:1)
  A rat (D:1)
5 creatures vanquished.

Notes
Turn   | Place    | Note
-------+----------+-------------------------------------------
     0 | D:1      | porpoise the Demonspawn Enchanter began the quest for the
                  | Orb.
     0 | D:1      | Reached XP level 1. HP: 13/13 MP: 3/3
   103 | D:1      | Reached skill level 1 in Short Blades
   276 | D:1      | Slain by a jackal

Illustrated notes

Levels and vault maps discovered:
D:1:      dpeg_arrival_more_subterranean_lakeside_camping, layout_basic,
          shapermc_ecumenical_altar_gd

Skill      XL: |  1 |
---------------+----+-----
Short Blades   | 1 |  1.2
Dodging        | |  1.7
Stealth        | |  2.6
Spellcasting   | |  2.2
Hexes          | |  3.1

Action                     || total
---------------------------++-------
  Melee: Dagger            ||    41
         Punch             ||     1
 Armour: Robe              ||    15
  Dodge: Dodged            ||    29

Table legend: (Time is in decaauts)
 A = Elapsed time spent in this place.
 B = Non-inter-level travel time spent in this place.
 C = Inter-level travel time spent in this place.
 D = Time resting spent in this place.
 E = Time spent auto-exploring this place.
 F = Levels seen in this place.
 G = Mean time per level.
                   A        B        C        D        E       F      G
               +--------+--------+--------+--------+--------+-----+--------+
         Total |    273 |    273 |      0 |    182 |     38 |   1 |  273.0 |
       Dungeon |    273 |    273 |      0 |    182 |     38 |   1 |  273.0 |
               +--------+--------+--------+--------+--------+-----+--------+

Top non-repeatable levels by time:
     D:1: 273 daAuts
